[Event "Late-Titled-Tuesday-Blitz-May-14-2024"]
[Site "Chess.com"]
[Date "2024.05.14"]
[Round "11"]
[White "Mops_2004"]
[Black "Sanan_Sjugirov"]
[Result "0-1"]
[WhiteElo "2851"]
[BlackElo "3038"]
[TimeControl "180+1"]
[EndTime "16:04:49 PDT"]
[Termination "Sanan_Sjugirov won on time"]

1. g3 Nf6 2. Bg2 g6 3. d4 Bg7 4. e4 d6 5. Nc3 O-O 6. Nf3 c6 7. a4 a5 8. O-O Qc7 9. h3 e5 10. Bg5 Nbd7 11. Re1 h6 12. Be3 Re8 13. Qd2 Kh7 14.
Rad1 b6 15. d5 Bf8 16. dxc6 Qxc6 17. Nh2 Bb7 18. f3 Rad8 19. Bf1 Re6 20. b3 Qc8 21.
Bc4 Ba6 22. Bxa6 Qxa6 23. Nb5 Qc8 24. c4 Nc5 25. Bxc5 Qxc5+ 26. Qf2 Qc6 27. Ng4 Nd7 28.
Ne3 Nc5 29. Qc2 Bg7 30. Kg2 Kh8 31. Rd2 h5 32. h4 Bh6 33. Rd5 Kg7 34. Nd1 Rf8 35.
Nf2 Na6 36. Qd1 Rd8 37. Qe2 Nb4 38. Rdd1 Rf8 39. Nd3 Na6 40. Nc3 Nc7 41. Nd5 Qb7 42. b4 Nxd5 43. cxd5 Ree8 44. bxa5 bxa5 45. Rb1 Qd7 46.
Rb5 Rc8 47. Rxa5 Rc3 48. Rb5 Rfc8 49. Qf1 Qa7 50. Ra1 Rc2+ 51. Kh1 R8c3 52. Rbb1 Qe3 53. Rd1 Re2 54. a5 Rcc2 0-1

[Event "Late-Titled-Tuesday-Blitz-May-14-2024"]
[Site "Chess.com"]
[Date "2024.05.14"]
[Round "11"]
[White "MarkusRagger"]
[Black "DrVelja"]
[Result "0-1"]
[WhiteElo "2817"]
[BlackElo "2921"]
[TimeControl "180+1"]
[EndTime "16:04:50 PDT"]
[Termination "DrVelja won by resignation"]

1. d4 Nf6 2. c4 g6 3. Nc3 Bg7 4. e4 d6 5. Nf3 Bg4 6. Be2 Bxf3 7. gxf3 Nc6 8. Be3 e5 9. d5 Nd4 10. Bxd4 exd4 11. Qxd4 O-O 12. Qd2 Re8 13. O-O-O c6 14. dxc6 bxc6 15. Qxd6 Qb6 16. c5 Qb7 17. Bc4 Re7 18. Kc2 Rd7 19. Qf4 Re7 20. Rd6 Nd7 21. Rhd1 Be5 22. Qe3 Bxd6 23. cxd6 Ree8 24. f4 Rab8 25.
b3 Nb6 26. Qc5 Qd7 27. Rd2 a5 28. Qd4 a4 29. e5 axb3+ 30. axb3 Nxc4 31. Qxc4 Kg7 32. Ne4 Qf5 33. Kb2 Qxf4 34. d7 Qxe5+ 35. Nc3 Red8 36.
Qxc6 Ra8 37. Qxa8 Rxa8 38. d8=Q Rxd8 39. Rxd8 Qxh2 40. Rd2 Qf4 41. Re2 h5 42. f3 Qxf3 43. b4 h4 44. b5 h3 45. Kb3 Qf4 46. b6 h2 47. Re1 Qf3 48. Kb4 h1=Q 49. Rxh1 Qxh1 50.
Kc5 g5 51. Nd5 Qb1 52. Kc6 g4 53. b7 g3 54. Kc7 Qxb7+ 55. Kxb7 g2 56. Ne3 g1=Q 57.
Nf5+ Kf8 58. Nd6 Qh1+ 59. Kc7 Qh5 60. Kd7 Qg6 61. Nc8 Qe6+ 62. Kd8 Qxc8+ 63. Kxc8 f5 0-1

[Event "Late-Titled-Tuesday-Blitz-May-14-2024"]
[Site "Chess.com"]
[Date "2024.05.14"]
[Round "11"]
[White "tarno17"]
[Black "duone"]
[Result "1-0"]
[WhiteElo "2244"]
[BlackElo "2408"]
[TimeControl "180+1"]
[EndTime "16:04:50 PDT"]
[Termination "tarno17 won by checkmate"]

1. e4 c5 2. Nf3 e6 3. d3 Nc6 4. g3 d5 5. Nc3 Nf6 6. exd5 exd5 7. Bg2 Be7 8. O-O O-O 9. h3 a6 10. g4 d4 11. Ne4 Nxe4 12. dxe4 Be6 13. Bf4 b5 14.
Bg3 Bd6 15. e5 Bc7 16. Nd2 Bd5 17. f4 f6 18. exf6 Rxf6 19. Ne4 Bxe4 20. Bxe4 Rb8 21. Bh4 Qd6 22. Bxf6 Qxf6 23. Bxc6 Qxc6 24. Qf3 Qd6 25. Rae1 Rf8 26. Re4 g5 27. Re5 Qxe5 28. fxe5 Rxf3 29. Rxf3 Bxe5 30. Rf5 Bd6 31. Rxg5+ Kf7 32. Rd5 Ke6 33. Rh5 c4 34. Kf2 b4 35. Ke2 a5 36. Rxh7 a4 37.
Rh6+ Kd5 38. h4 b3 39. axb3 c3 40. bxc3 a3 41. Rh5+ Be5 42. cxd4 Kxd4 43. Rh7 Kc3 44. Ra7 Kb2 45. c4 a2 46. c5 a1=Q 47. Rxa1 Kxa1 48.
c6 Kb2 49. g5 Kxb3 50. g6 Kc4 51.
g7 Bxg7 52. c7 Kd5 53. c8=Q Ke5 54. Qg8 Bf6 55. h5 Kf5 56. Qg6+ Ke6 57. h6 Ke7 58. h7 Bh8 59. Qg8 Be5 60. h8=Q Bxh8 61. Qxh8 Ke6 62. Qh5 Kf6 63. Kf3 Kg7 64. Qf5 Kh8 65. Qg5 Kh7 66. Kf4 Kh8 67. Kf5 Kh7 68. Kf6 Kh8 69. Qg7# 1-0

[Event "Late-Titled-Tuesday-Blitz-May-14-2024"]
[Site "Chess.com"]
[Date "2024.05.14"]
[Round "11"]
[White "Rsnr"]
[Black "FairChess_on_YouTube"]
[Result "0-1"]
[WhiteElo "2908"]
[BlackElo "3078"]
[TimeControl "180+1"]
[EndTime "16:04:51 PDT"]
[Termination "FairChess_on_YouTube won on time"]

1. d4 Nf6 2. c4 c5 3. d5 b5 4.
cxb5 a6 5. e3 g6 6. Nc3 Bg7 7.
a4 O-O 8. e4 d6 9. Nf3 Bd7 10. Bd2 Bg4 11. Be2 axb5 12. axb5 Nbd7 13. O-O Qb6 14. Qc2 Rfb8 15. h3 Bxf3 16. Bxf3 Ne8 17. Be2 Nc7 18. Rxa8 Rxa8 19. Rb1 h5 20. b4 Bd4 21.
Be1 Qa7 22. bxc5 Qxc5 23. b6 Nxb6 24. Qc1 Nd7 25. Nb5 Nxb5 26. Bxb5 Nf6 27. Qxc5 Bxc5 28. Bd3 Ra4 29. Rb7 Kf8 30. Rb8+ Kg7 31. Rb7 h4 32.
Kf1 Kf8 33. Rb8+ Kg7 34. Rb7 Nxe4 35. Rxe7 Nf6 36. Bb5 Ra1 37. Bc6 Bb4 38. f3 Nh5 39.
Kf2 Rxe1 40. Rxe1 Bxe1+ 41. Kxe1 f5 42. Kf2 Kf6 43. Be8 Nf4 44. g3 hxg3+ 45. Kxg3 Nxd5 46.
f4 Nb4 47. Kf3 Nc2 48. h4 Nd4+ 49. Ke3 Ne6 50. Bc6 Kg7 51. Bd7 Nc5 52. Bc6 Kh6 53. Kf3 Kh5 54. Be8 Ne4 55. Bf7 Nc3 56. Ke3 Ne4 57. Kf3 Nf6 58. Kg3 d5 59. Kf3 d4 60.
Kg3 d3 61. Kf3 Ng4 62. Bc4 d2 63. Ke2 d1=Q+ 0-1

[Event "Late-Titled-Tuesday-Blitz-May-14-2024"]
[Site "Chess.com"]
[Date "2024.05.14"]
[Round "11"]
[White "FaustinoOro"]
[Black "Grischuk"]
[Result "0-1"]
[WhiteElo "2919"]
[BlackElo "3112"]
[TimeControl "180+1"]
[EndTime "16:04:51 PDT"]
[Termination "Grischuk won by resignation"]

1. e4 e5 2. Nf3 Nc6 3. Bb5 a6 4. Ba4 Nge7 5. O-O Ng6 6. c3 d5 7. exd5 Qxd5 8. Bb3 Qd3 9. Bc2 Qd6 10. h3 Be7 11. d4 exd4 12. cxd4 Be6 13. Nc3 Rd8 14.
Be3 O-O 15. Re1 Nb4 16. Bb3 Nd5 17. Bd2 h6 18. Rc1 c6 19. Ne4 Qd7 20. Nc5 Bxc5 21.
dxc5 Ndf4 22. Bxf4 Nxf4 23. Bxe6 Nxe6 24. Qb3 Qc7 25.
Qc3 Rd5 26. b4 Rfd8 27. Ne5 Nf4 28. Rc2 Rd1 29. Nf3 Qe7 30. Rxd1 Rxd1+ 31. Kh2 Nd5 32. Qc4 Qf6 33. Qe4 g6 34. a4 Kg7 35. Rc4 Ra1 36. b5 axb5 37. axb5 Nc3 38. Qe3 Nd5 39. Qe4 Ra2 40.
bxc6 bxc6 41. Qe1 Qf5 42. Re4 Qf6 43. Re5 Rc2 44. Qe4 Rxf2 45. Re8 Nf4 46. Ne1 Re2 47. Qf3 Rxe8 48. Nd3 Re6 49. Nxf4 Re5 50. Qg3 Rg5 51. Qe3 Qe5 52. Qf2 Rf5 53. g3 g5 54. Nh5+ Kg6 55.
Qc2 Qxc5 56. Qe4 Qf2+ 57. Kh1 Qf1+ 58. Kh2 Qf2+ 59. Kh1 Qf3+ 60. Qxf3 Rxf3 0-1

[Event "Late-Titled-Tuesday-Blitz-May-14-2024"]
[Site "Chess.com"]
[Date "2024.05.14"]
[Round "11"]
[White "jcmesafischer"]
[Black "Quattroporte300"]
[Result "1-0"]
[WhiteElo "2335"]
[BlackElo "2438"]
[TimeControl "180+1"]
[EndTime "16:04:52 PDT"]
[Termination "jcmesafischer won on time"]

1. e4 c5 2. Nc3 Nc6 3. g3 e5 4.
Bg2 d6 5. d3 g6 6. Nge2 Bg7 7.
Nd5 Nge7 8. Bg5 h6 9. Bf6 Bxf6 10.
Nxf6+ Kf8 11. f4 Kg7 12. fxe5 dxe5 13. O-O Be6 14. Nc3 Nd4 15. Qd2 Ng8 16. Nfd5 Ne7 17.
Rf2 Nxd5 18. Nxd5 Bxd5 19. exd5 Nb5 20. g4 Nd6 21. Qe3 Re8 22. Qxc5 Qd7 23. h3 b6 24. Qe3 Rac8 25. c4 f5 26. Raf1 f4 27. Qd2 g5 28.
b3 Qf7 29. Re1 h5 30. Bf3 hxg4 31. hxg4 Qf6 32. Rh2 Rh8 33. Rxh8 Rxh8 34. Qe2 Rh3 35. Kf2 Rh2+ 36. Bg2 e4 37. dxe4 Qd4+ 38. Kf1 Nf7 39. e5 Rh4 40. e6 Nd6 41. Qe5+ Qxe5 42. Rxe5 Kf6 43. Re2 Ke7 44. Bf3 Rh3 45. Kg2 Rg3+ 46. Kf2 Rh3 47. Re1 Rh2+ 48. Bg2 Rh4 49. Kf3 Rh8 50. Rc1 Rh4 51. b4 Rh8 52. c5 bxc5 53. bxc5 Nb5 54. Re1 Nd4+ 55. Ke4 Nb5 56. Ke5 Rc8 57.
Rc1 1-0

[Event "Late-Titled-Tuesday-Blitz-May-14-2024"]
[Site "Chess.com"]
[Date "2024.05.14"]
[Round "11"]
[White "protectiago"]
[Black "if_name_main_a"]
[Result "1-0"]
[WhiteElo "2097"]
[BlackElo "2418"]
[TimeControl "180+1"]
[EndTime "16:05:02 PDT"]
[Termination "protectiago won by checkmate"]

1. d4 g6 2. c4 Bg7 3. Nf3 d6 4. e4 Nc6 5. Be2 e5 6. d5 Nce7 7. Nc3 f5 8. O-O Nf6 9. Ng5 h6 10. Ne6 Bxe6 11. dxe6 f4 12. Nd5 Nc6 13. Qa4 O-O 14. b4 Re8 15. b5 Nd4 16. Bd3 Rxe6 17. f3 Nd7 18. Bb2 Nc5 19. Qd1 g5 20.
Rc1 h5 21. Bb1 Rg6 22. Kh1 g4 23. fxg4 hxg4 24. Bxd4 Qh4 25. Bf2 g3 26. Bg1 gxh2 27. Bf2 Qg5 28. Qf3 Ne6 29. Rc3 Kf7 30. Qh3 Rh8 31.
Qf5+ Ke8 32. Qxg5 Rxg5 33. Rf3 Kd7 34. Rh3 c6 35. Rxh2 Rxh2+ 36. Kxh2 cxd5 37. cxd5 Nc7 38.
Bxa7 Nxb5 39. Bb6 Nc3 40. Bd3 Bf6 41. Ba5 Na4 42. Bb5+ Ke7 43. Bxa4 Rh5+ 44. Kg1 Bg5 45. Rc1 f3 46. Rc7+ Kf6 47. gxf3 Be3+ 48. Kg2 Kg5 49. Be1 Kf4 50. Rf7+ Kg5 51. Rf5+ Kg6 52. Be8+ Kg7 53. Bxh5 Bf4 54. Bg4 Kh6 55. Bg3 Kg6 56. Bxf4 exf4 57. Rxf4 Kg5 58. Rf5+ Kh4 59. Rf8 b5 60. Rb8 Kg5 61.
Rxb5 Kf4 62. Rb6 Ke3 63. Rxd6 Kf4 64. Re6 Ke3 65. d6 Ke2 66. d7 Ke3 67. d8=Q Ke2 68. Qe8 Ke3 69. Qb5 Kf4 70. Qf5+ Ke3 71. Qg5+ Ke2 72.
f4+ Ke1 73. Qh4+ Kd2 74. Rd6+ Ke3 75. Qg3+ Kxe4 76. Qf3# 1-0

[Event "Late-Titled-Tuesday-Blitz-May-14-2024"]
[Site "Chess.com"]
[Date "2024.05.14"]
[Round "11"]
[White "Viktoker"]
[Black "ansko1999"]
[Result "1-0"]
[WhiteElo "2444"]
[BlackElo "2634"]
[TimeControl "180+1"]
[EndTime "16:05:03 PDT"]
[Termination "Viktoker won by checkmate"]

1. d4 d5 2. c4 c5 3. cxd5 Nf6 4. Nf3 cxd4 5. Nxd4 Nxd5 6. e4 Nf6 7. Nc3 e5 8. Nf3 Qxd1+ 9. Kxd1 Nc6 10. Bb5 Bg4 11. Be3 O-O-O+ 12. Kc2 Nd4+ 13. Bxd4 exd4 14. Ne2 Nxe4 15. Rhf1 Bxf3 16. gxf3 Nc5 17. Bd3 Nxd3 18. Kxd3 Kb8 19. Rac1 Be7 20. Rg1 Bf6 21. Nf4 g6 22.
Ne2 Rd5 23. Ng3 Bg5 24. Rc4 f5 25. Nh5 Bh6 26. Ng3 Re8 27. h4 b5 28. Rc6 Rc8 29. Rxc8+ Kxc8 30. h5 f4 31. hxg6 fxg3 32. gxh7 Rd8 33. Rxg3 Bf4 34. Rg8 Be5 35. f4 Bh8 36.
Rg5 a6 37. Rg6 Kb7 38. Rg8 Kc7 39. Rg6 a5 40. Rg8 Kd7 41. Rg5 Rb8 42. Rg8 Re8 43.
Rg5 Kc6 44. Rg6+ Kc5 45. Rg5+ Kb4 46. a3+ Ka4 47. Rg8 Re7 48. Rxh8 Kb3 49. Rb8 b4 50. h8=Q Kxb2 51. Qxd4+ Kxa3 52. Qa1+ Kb3 53. Qxa5 Rd7+ 54. Ke3 Re7+ 55. Qe5 Rxe5+ 56. fxe5 Kc4 57. e6 Kd5 58. e7 b3 59. e8=Q b2 60. Qe4+ Kc5 61. Rc8+ Kd6 62.
Qc6+ Ke5 63. Re8+ Kf5 64. Qe6+ Kg5 65. Rg8+ Kh4 66. Qg4# 1-0

[Event "Late-Titled-Tuesday-Blitz-May-14-2024"]
[Site "Chess.com"]
[Date "2024.05.14"]
[Round "11"]
[White "David_ATM"]
[Black "rionelG"]
[Result "0-1"]
[WhiteElo "2436"]
[BlackElo "2331"]
[TimeControl "180+1"]
[EndTime "16:05:04 PDT"]
[Termination "rionelG won by resignation"]

1. e4 c5 2. c3 d5 3. exd5 Qxd5 4. d4 Nc6 5. Nf3 Nf6 6. Be2 cxd4 7. cxd4 e6 8. Nc3 Qd6 9. O-O Be7 10. Be3 O-O 11.
Qd3 Nb4 12. Qb1 b6 13. Ne4 Nxe4 14. Qxe4 Ba6 15. Bxa6 Nxa6 16. Rfd1 Nb4 17. Bf4 Qd5 18.
Qxd5 Nxd5 19. Be5 Rac8 20. Rac1 f6 21. Bg3 Kf7 22. Kf1 g5 23. h4 h6 24. h5 Rfd8 25. Ke2 Ke8 26. a3 Kd7 27. Kd3 Bd6 28. Bxd6 Kxd6 29.
g3 Ne7 30. Nd2 Nf5 31. g4 Nh4 32. Rxc8 Rxc8 33. Rg1 f5 34. gxf5 exf5 35. Re1 Ng2 36. Nc4+ Kd7 37. Ne5+ Ke6 38. Rg1 Nf4+ 39. Kd2 Rd8 40. Ke3 Nxh5 41. Nc6 f4+ 42. Kd3 Rd6 43. Nb4 Kf5 44. Rh1 Ng7 45. Kc4 h5 46. Nd5 Rd7 47. Nc3 Ne6 48. d5 Ng7 49. Kd4 h4 50. f3 Ne6+ 51.
Kc4 Nc5 52. b4 Nb7 53. Nb5 Nd6+ 54. Nxd6+ Rxd6 55. Kd4 g4 56. Rxh4 gxf3 57. Rh1 Kg4 58. Rg1+ Kh3 59. Ke4 f2 60. Rf1 Kg2 61. Rxf2+ Kxf2 0-1

[Event "Late-Titled-Tuesday-Blitz-May-14-2024"]
[Site "Chess.com"]
[Date "2024.05.14"]
[Round "11"]
[White "Balla_Tamas"]
[Black "Byniolus"]
[Result "0-1"]
[WhiteElo "2537"]
[BlackElo "2741"]
[TimeControl "180+1"]
[EndTime "16:05:05 PDT"]
[Termination "Byniolus won by checkmate"]

1. e4 d6 2. d4 g6 3. Nc3 b6 4.
f4 e6 5. Nf3 f6 6. e5 dxe5 7.
fxe5 f5 8. Bg5 Be7 9. h4 h6 10. Be3 Bb7 11. Qd2 Bxf3 12. gxf3 Bxh4+ 13. Bf2 Bxf2+ 14. Qxf2 Ne7 15. O-O-O c6 16. Bc4 Kf7 17. Qh4 Nd7 18. Ne2 Nd5 19. Qh3 Qe7 20. Bb3 b5 21. Rdg1 Rag8 22.
Ng3 Qg5+ 23. Kb1 Qe3 24. Re1 Qxd4 25. Ne4 Qxe5 26. Nc5 Qxe1+ 27. Rxe1 Nxc5 28. Qh2 Re8 29. a3 e5 30. Bxd5+ cxd5 31. Qf2 d4 32. f4 Re7 33. fxe5 Rd8 34. Qh4 Ne6 35. Qf6+ Ke8 36. Qxg6+ Kd7 37.
Qxf5 Rf8 38. Qe4 Rf4 39. Qd5+ Ke8 40. Rg1 a6 41. Rg8+ Kf7 42. Rg1 h5 43. Qa8 Rg4 44.
Rf1+ Nf4 45. Qxa6 Rxe5 46. Qb7+ Kf6 47. Qf3 Kf5 48. a4 bxa4 49. Qa3 h4 50. Qxa4 Re4 51. Qd7+ Kg5 52. Qg7+ Kf5 53. Qh7+ Ke5 54. c3 dxc3 55. bxc3 h3 56. Qe7+ Kf5 57. Qd7+ Re6 58. Qf7+ Rf6 59.
Qc4 h2 60. Qc6 Rxc6 61. Rh1 Rb6+ 62. Kc2 Rg2+ 63. Kd1 Rb1# 0-1

[Event "Late-Titled-Tuesday-Blitz-May-14-2024"]
[Site "Chess.com"]
[Date "2024.05.14"]
[Round "11"]
[White "LiemLe"]
[Black "MITerryble"]
[Result "0-1"]
[WhiteElo "3045"]
[BlackElo "3029"]
[TimeControl "180+1"]
[EndTime "16:05:06 PDT"]
[Termination "MITerryble won by resignation"]

1. c4 e5 2. g3 Nc6 3. Bg2 g6 4. Nc3 Bg7 5. d3 Nge7 6. Nf3 d6 7.
O-O h6 8. Rb1 f5 9. Bd2 Be6 10.
b4 Qd7 11. b5 Nd8 12. c5 d5 13. d4 exd4 14. Na4 a6 15. c6 bxc6 16. bxa6 Bf7 17. Nc5 Qc8 18. Bf4 O-O 19. Rb7 Ne6 20. Nxe6 Qxe6 21.
Nxd4 Qf6 22. Rxc7 Rxa6 23. Nf3 Qe6 24. Qc1 g5 25. Be3 Rc8 26. Nd4 Qf6 27. Rxc8+ Nxc8 28. Rd1 Ne7 29. Qc2 f4 30. Bc1 Qg6 31. Qb3 c5 32. Qb7 Bxd4 33. Qxe7 Rxa2 34. gxf4 gxf4 35. Bxf4 Qg4 36.
Be5 Bxe5 37. Qxe5 Rxe2 38. Qa1 d4 39. Rd3 Qf4 40. Rg3+ Kf8 41. Qa8+ Re8 42. Qc6 Re1+ 43. Bf1 Qe5 44. Qxh6+ Ke8 45. Rg5 Qe7 46. Qh8+ Kd7 47.
Qg7 Be6 48. Qxe7+ Kxe7 49. Kg2 Kd6 50. Rg6 Ke5 51. Bb5 Bd5+ 52. f3 c4 53. Rg5+ Kd6 54. Kf2 Rb1 55. Be8 Rb2+ 56. Kg3 c3 57. Bg6 c2 58. Bxc2 Rxc2 59. Rg6+ Kc5 60. Kf4 Rc3 61. Ke5 Re3+ 62. Kf4 Rxf3+ 63. Kg4 Rf1 64. Rh6 d3 65. Rh3 Kd4 66. Rh4 d2 67. Kg3+ Be4 68. Rh8 d1=Q 69. Rd8+ Bd5 0-1

[Event "Late-Titled-Tuesday-Blitz-May-14-2024"]
[Site "Chess.com"]
[Date "2024.05.14"]
[Round "11"]
[White "Orest_Vovk"]
[Black "Licancabur"]
[Result "1-0"]
[WhiteElo "2678"]
[BlackElo "2500"]
[TimeControl "180+1"]
[EndTime "16:05:07 PDT"]
[Termination "Orest_Vovk won on time"]

1. h4 d5 2. h5 e5 3. h6 Nxh6 4. d4 Nc6 5. Bxh6 gxh6 6. dxe5 Nxe5 7. Nf3 Nxf3+ 8. gxf3 Bg7 9. Nc3 c6 10. Qd3 Qf6 11. Bh3 Bxh3 12. Rxh3 Qg6 13. Rg3 Qxd3 14.
cxd3 Be5 15. Rh3 Rg8 16. O-O-O Ke7 17. d4 Bd6 18. e3 Rg6 19. Rdh1 Kf8 20. Rxh6 Rxh6 21.
Rxh6 Ke7 22. Rxh7 Rg8 23. Kd2 Rg2 24. Ke2 Rg1 25. Rh8 Rc1 26. Kd2 Rf1 27. Nd1 Bb4+ 28. Kc2 Bd6 29. f4 a6 30. a3 c5 31. dxc5 Bxc5 32.
Kd2 d4 33. Ke2 Rg1 34. b4 Bd6 35. exd4 Bxf4 36. Ra8 Kd7 37. Ra7 Kc8 38. Ra8+ Bb8 39. b5 axb5 40. Ra5 Rg5 41. Nc3 Rg4 42. Nxb5 Kd7 43. Ra8 Bh2 44. Rf8 Ke7 45. Rh8 Rg5 46.
Rxh2 Rxb5 47. Rh3 Rb2+ 48. Kf1 Rd2 49. Rb3 Rxd4 50. Rxb7+ Ke6 51. Ra7 Rd2 52. a4 Ra2 53.
a5 Kf6 54. a6 Ra3 55. Ra8 Kg7 56. Kg2 Kh7 57. Kf1 Kg7 58. Ke2 Kh7 59. Kd2 Kg7 60. Kc2 Kh7 61. Kb2 Ra5 62. Kb3 Kg7 63. Kb4 1-0

[Event "Late-Titled-Tuesday-Blitz-May-14-2024"]
[Site "Chess.com"]
[Date "2024.05.14"]
[Round "11"]
[White "SujanaLohani"]
[Black "Slovineanu"]
[Result "0-1"]
[WhiteElo "2120"]
[BlackElo "2477"]
[TimeControl "180+1"]
[EndTime "16:05:11 PDT"]
[Termination "Slovineanu won on time"]

1. e4 c6 2. d4 d5 3. exd5 cxd5 4. Bd3 Nc6 5. c3 Nf6 6. Bf4 Bg4 7.
Qb3 Qd7 8. h3 Bh5 9. Nd2 e6 10.
Ngf3 Bxf3 11. Nxf3 Bd6 12. Ne5 Qc7 13. O-O O-O 14. Rfe1 a6 15. Rad1 Nd7 16. Nxd7 Qxd7 17. Bxd6 Qxd6 18. Qb6 Rfd8 19. Re3 Ne7 20. Qxd6 Rxd6 21.
a4 b5 22. Ra1 Rb8 23. b4 g6 24. axb5 axb5 25. Ra5 Rdb6 26. Re2 Nc8 27. Rea2 Nd6 28. Ra7 Kf8 29. Rd7 R8b7 30. Ra7 Rxa7 31. Rxa7 Rc6 32. Ra3 Rc7 33. Kf1 Ke7 34. Ke2 f6 35. Kd2 e5 36.
Ra5 Ke6 37. dxe5 fxe5 38. f3 Nc4+ 39. Bxc4 bxc4 40. Ra6+ Kd7 41. Ke3 Rc6 42. Rxc6 Kxc6 43. f4 exf4+ 44. Kxf4 d4 45. cxd4 Kb5 46. d5 c3 47. Ke3 Kxb4 48. d6 Kb3 49. d7 c2 50.
d8=Q c1=Q+ 51. Qd2 Qxd2+ 52. Kxd2 Kc4 53. Ke3 Kd5 54.
Kf4 Ke6 55. Kg5 Kf7 56. Kh6 Kg8 57. h4 Kh8 58. Kg5 Kg7 59. g4 h6+ 60. Kf4 Kf6 61. g5+ hxg5+ 62. hxg5+ Ke6 0-1

[Event "Late-Titled-Tuesday-Blitz-May-14-2024"]
[Site "Chess.com"]
[Date "2024.05.14"]
[Round "11"]
[White "MyDream003"]
[Black "KirAk47"]
[Result "1/2-1/2"]
[WhiteElo "2839"]
[BlackElo "2508"]
[TimeControl "180+1"]
[EndTime "16:05:16 PDT"]
[Termination "Game drawn - insufficient material"]

1. Nf3 f5 2. b3 Nf6 3. d4 e6 4. Bb2 Be7 5. e3 O-O 6. Be2 b6 7. O-O Bb7 8. c4 d6 9. Nc3 Nbd7 10. Rc1 Qe8 11. Ng5 Bd8 12. d5 e5 13. Ne6 Rf7 14. Qc2 g6 15. f4 Nf8 16. fxe5 dxe5 17. Nxd8 Rxd8 18. g4 Bc8 19. g5 N6d7 20. h4 h6 21. Rf2 hxg5 22. hxg5 Qe7 23. Rg2 Nh7 24. Nb5 Nc5 25. Nxa7 Bd7 26. Nc6 Bxc6 27. dxc6 Nxg5 28. Rd1 Nh3+ 29. Kf1 Ne4 30. Rxd8+ Qxd8 31. Bxe5 g5 32. Qd1 Qe8 33. Qd5 g4 34. Ke1 Kf8 35. Bxg4 Nhg5 36. Bh5 Nf6 37. Qd4 Nxh5 38. Rxg5 Re7 39. Rxf5+ Kg8 40. Qd5+ Kh7 41. Qf3 Rxe5 42. Rf7+ Kg8 43. Kd2 Ng7 44. Rf4 Re6 45. Rd4 Rxc6 46. Rd3 Rd6 47.
Rxd6 cxd6 48. Qd5+ Qe6 49. Qxe6+ Nxe6 50. Kc3 Kf7 51.
Kb4 Nc7 52. a4 Ke6 53. a5 bxa5+ 54. Kxa5 Kd7 55. b4 Kc6 56. e4 Ne6 57. Ka6 Nc7+ 58. Ka7 Ne6 59. b5+ Kc5 60. b6 Kxc4 61. b7 Nd8 62.
Kb6 Nxb7 63. Kxb7 Kd4 64. Kc6 Ke5 65. Kd7 Kxe4 66. Kxd6 1/2-1/2

[Event "Late-Titled-Tuesday-Blitz-May-14-2024"]
[Site "Chess.com"]
[Date "2024.05.14"]
[Round "11"]
[White "giovannibrandao7"]
[Black "OIAM03"]
[Result "0-1"]
[WhiteElo "2272"]
[BlackElo "1994"]
[TimeControl "180+1"]
[EndTime "16:05:18 PDT"]
[Termination "OIAM03 won by resignation"]

1. e4 c5 2. Nf3 d6 3. Bb5+ Bd7 4. Bxd7+ Nxd7 5. O-O g6 6. Re1 Bg7 7. c3 Ngf6 8. d4 O-O 9. e5 Ne8 10. Bf4 cxd4 11.
cxd4 dxe5 12. dxe5 Nc7 13. Nc3 Ne6 14. Bg3 Ndc5 15.
Qe2 Qd3 16. Rad1 Qxe2 17. Rxe2 Rfd8 18. Nd5 Kf8 19. Bh4 Rd7 20. b4 Na4 21. Red2 Rad8 22. Nc7 Rxd2 23. Nxe6+ fxe6 24. Rxd2 Rxd2 25. Nxd2 Bxe5 26.
Nc4 Bd6 27. b5 Nc3 28. Na5 b6 29. Nc6 Nxb5 30. Bg5 Ke8 31. a4 Nc3 32. a5 bxa5 33. Nxa5 Kd7 34. Be3 a6 35. Kf1 Kc7 36. Nc4 Kc6 37. Ke1 Kb5 38. Nb2 a5 39. Kd2 Ne4+ 40.
Kc2 a4 41. f3 Nc5 42. Nd1 a3 43. Nc3+ Kb4 44. Bd2 Kc4 45. g3 Nd3 46. Na2 Nb4+ 47.
Bxb4 Bxb4 48. Nc1 Be1 49. Na2 e5 50. Nc1 Bf2 51. Na2 Bg1 52. h3 h5 53. g4 Bh2 54.
Nc3 Bf4 55. Ne2 Be3 56. Nc3 Bd4 57. Na2 e6 58. Nc1 Kd5 59. Kd3 Bb2 60. Na2 Ba1 61. Kc2 e4 62. fxe4+ Kxe4 63. Kd2 Kf3 64. Kd3 Kg3 65.
Nb4 hxg4 66. hxg4 Kxg4 0-1

[Event "Late-Titled-Tuesday-Blitz-May-14-2024"]
[Site "Chess.com"]
[Date "2024.05.14"]
[Round "11"]
[White "ReadySkate"]
[Black "kingofthenil"]
[Result "0-1"]
[WhiteElo "2748"]
[BlackElo "2892"]
[TimeControl "180+1"]
[EndTime "16:05:20 PDT"]
[Termination "kingofthenil won by resignation"]

1. d4 d6 2. c4 e5 3. d5 e4 4. Nc3 f5 5. g3 g6 6. f3 exf3 7. Nxf3 Nf6 8. Bg2 Bg7 9. O-O O-O 10.
e4 Na6 11. Nd4 Nxe4 12. Nxe4 fxe4 13. Rxf8+ Qxf8 14. Bxe4 Nc5 15. Bg2 Bd7 16. b4 Re8 17.
Bf4 Ne4 18. Rc1 g5 19. Be3 Nxg3 20. Ne6 Bxe6 21. dxe6 Nf5 22. Bxg5 c6 23. Qg4 Rxe6 24. Rf1 Re5 25. Bh3 h5 26. Qxh5 d5 27. cxd5 Qxb4 28. Bxf5 Qd4+ 29. Kg2 Qxd5+ 30. Kg3 Rxf5 31. Qe8+ Rf8 32. Rxf8+ Bxf8 33. Qg6+ Bg7 34. h4 Qf7 35. Qe4 Qc7+ 36. Bf4 Qd7 37. h5 Qf7 38. h6 Bf6 39.
Kg4 Be7 40. Qd3 Bf8 41. Bg5 Qe6+ 42. Kh4 Bd6 43. h7+ Kh8 44. Qf3 Kxh7 45. Qd3+ Kg8 46. Qf3 Qf7 47. Qe4 Bf8 48. Kg3 Qg7 49. Kf4 Bd6+ 50. Kf5 Qf7+ 51. Kg4 Bf8 52. Qd3 Bg7 53. Qe4 Qd7+ 54. Kh4 Qf7 55. Kg3 c5 56. Qf3 Qxf3+ 57. Kxf3 Kf7 58. Ke4 Ke6 59. Be3 b6 60. Bd2 Be5 61. Be3 Bc7 62. Bg5 Kd6 63. Bf4+ Kc6 64. Be3 b5 65. Bf2 Bb6 66. Be3 c4 67. Bd2 Kc5 68.
Be3+ Kb4 69. Bd2+ Ka3 70. Bf4 Kxa2 71. Kd5 Kb3 72. Kc6 b4 0-1

[Event "Late-Titled-Tuesday-Blitz-May-14-2024"]
[Site "Chess.com"]
[Date "2024.05.14"]
[Round "11"]
[White "Abund"]
[Black "Bykov_Egor"]
[Result "0-1"]
[WhiteElo "2757"]
[BlackElo "2633"]
[TimeControl "180+1"]
[EndTime "16:05:23 PDT"]
[Termination "Bykov_Egor won by resignation"]

1. e4 e5 2. Nc3 Nf6 3. Bc4 Nxe4 4. Qh5 Nd6 5. Qxe5+ Qe7 6. Qxe7+ Bxe7 7. Be2 Nf5 8. Nd5 Bd8 9. c3 c6 10. Ne3 Nxe3 11.
fxe3 d5 12. Nf3 Nd7 13. O-O O-O 14. b4 Re8 15. Bb2 Nf6 16. a4 Ne4 17. Rfd1 Bg4 18.
h3 Bh5 19. a5 a6 20. Nd4 Bxe2 21. Nxe2 Nd6 22. Nd4 Nc4 23. Rab1 Bf6 24. Nb3 Re7 25. Ba1 Be5 26. Rf1 g6 27. g4 Rae8 28. Rf3 Bd6 29. Rbf1 Ne5 30. Rf6 Re6 31. Bb2 Nd3 32. Ba3 Rxf6 33.
Rxf6 Be5 34. Rf3 Bd6 35. Kf1 Kg7 36. Ke2 Ne5 37. Rf1 Rh8 38. Nc5 Bxc5 39. bxc5 h5 40.
g5 Nc4 41. Bb4 Re8 42. h4 Re4 43. Rh1 Rg4 44. Rh2 f6 45. d3 Ne5 46. Ba3 fxg5 47. hxg5 Rxg5 48. Bb2 Kf7 49. Rf2+ Ke7 50. c4 dxc4 51.
Bxe5 Rxe5 52. d4 Rf5 53. Rg2 g5 54. Kd2 g4 55. Kc3 Rg5 56. Kxc4 h4 57. Kd3 g3 58.
Ke2 h3 59. Rg1 h2 60. Rxg3 Rxg3 61. Kd3 h1=Q 62. d5 Qd1+ 63. Ke4 Qxd5+ 64. Kf4 Rf3+ 65. Kg4 Qf5+ 0-1

[Event "Late-Titled-Tuesday-Blitz-May-14-2024"]
[Site "Chess.com"]
[Date "2024.05.14"]
[Round "11"]
[White "campochess"]
[Black "MarceloPlaya"]
[Result "0-1"]
[WhiteElo "2128"]
[BlackElo "2332"]
[TimeControl "180+1"]
[EndTime "16:05:23 PDT"]
[Termination "MarceloPlaya won on time"]

1. e4 e6 2. Qe2 Be7 3. d4 d5 4.
exd5 exd5 5. c4 Nf6 6. Nc3 O-O 7.
Be3 a5 8. Nf3 Bb4 9. Qc2 Ne4 10.
Bd3 f5 11. cxd5 Qxd5 12. O-O Bxc3 13. bxc3 Kh8 14. Ne5 Nc6 15. Nxc6 Qxc6 16. Rac1 Be6 17. f3 Nd6 18. c4 Qd7 19. d5 Bg8 20. c5 Ne8 21. c6 bxc6 22. dxc6 Qe6 23. Bd4 Qxa2 24. Qc5 Qd5 25. Qc3 Nf6 26. Bc5 Rfd8 27. Bb5 a4 28.
Be7 Qd4+ 29. Qxd4 Rxd4 30. Bxf6 gxf6 31. Rfe1 a3 32. Re7 a2 33. Rxc7 a1=Q 34. Rxa1 Rxa1+ 35. Kf2 Rb4 36. Rb7 Rc1 37. c7 Rxb5 38. Rxb5 Rxc7 39. Rxf5 Kg7 40. g4 Kg6 41. h4 h6 42. Kg3 Rc3 43. Ra5 Be6 44. h5+ Kg7 45. Ra7+ Bf7 46. Kf4 Rc4+ 47.
Kf5 Rc5+ 48. Kf4 Re5 49. Rc7 Kf8 50. Ra7 Re7 51. Ra6 Be6 52. Rb6 Kf7 53. Rd6 Rd7 54. Rb6 Rd4+ 55. Kg3 Bd5 56. Ra6 Rd3 57. Ra7+ Kg8 58.
Rd7 Rxf3+ 59. Kh4 Rd3 60. Rd6 Kf7 61. Rd7+ Ke8 62. Rh7 Bg2 63. g5 fxg5+ 64. Kg4 Rd4+ 65. Kg3 Be4 66. Rxh6 Kf7 67. Ra6 Bf5 68. Rb6 Be6 69. h6 Rh4 70. h7 Rh3+ 71. Kg2 Rxh7 72. Kg3 Rh4 0-1